Map: Beckett Industries LE

Players

Xakari - Winner!

  • Race: Protoss Protoss
  • League: Diamond

Amandus

  • Race: Terran Terran
  • League: Platinum

VOD

Have the link to the VOD?

Description

Time

  • Played on: Dec. 30, 2021, 3:04 p.m.
  • Length: 21:41
Show
View Real Time Build Order
Export as new Build Order

Xakari Protoss - Winner!

Build Orders: 1 Gate Expand 

Get SALT Encoding   

  12  0:00  Probe  
  13  0:12  Probe  
  14  0:19  Pylon  
  14  0:24  Probe  
  15  0:38  Gateway  
  15  0:40  Probe (Chrono Boost)  
  16  0:44  Assimilator  
  16  0:48  Probe (Chrono Boost)  
  17  0:54  Probe  
  18  1:06  Probe  
  19  1:18  Probe  
  20  1:27  Cybernetics Core  
  20  1:30  Probe  
  21  1:36  Nexus  
  21  1:46  Assimilator  
  21  1:51  Pylon  
  21  1:59  Stalker  
  21  2:03  Probe  
  21  2:04  Warp Gate (Chrono Boost)  
  24  2:16  Probe  
  25  2:25  Gateway  
  25  2:28  Probe  
  27  2:37  Sentry  
  27  2:53  Probe  
  27  2:55  Pylon  
  28  3:02  Robotics Facility  
  28  3:08  Probe (Chrono Boost)  
  28  3:10  Probe (Chrono Boost)  
  28  3:12  Stalker x2  
  32  3:17  Probe (Chrono Boost)  
  36  3:20  Probe (Chrono Boost)  
  36  3:22  Probe (Chrono Boost)  
  37  3:30  Probe, Shield Battery  
  38  3:34  Probe  
  39  3:42  Probe  
  39  3:46  Probe  
  41  3:54  Probe  
  42  3:58  Nexus, Probe  
  42  3:59  Pylon  
  43  4:09  Stalker x2  
  47  4:16  Observer  
  48  4:20  Robotics Bay  
  48  4:22  Gateway  
  48  4:27  Probe  
  48  4:29  Gateway, Probe  
  50  4:37  Pylon  
  50  4:39  Stalker, Probe  
  53  4:51  Immortal (Chrono Boost)  
  53  4:52  Stalker  
  55  4:58  Probe x2  
  61  5:03  Assimilator  
  61  5:06  Assimilator  
  61  5:09  Stalker  
  61  5:10  Probe  
  64  5:27  Stalker x3  
  66  6:03  Pylon  
  62  6:05  Pylon  
  62  6:06  Pylon  
  62  6:18  Colossus (Chrono Boost)  
  60  6:20  Extended Thermal Lance (Chrono Boost)  
  60  6:25  Stalker  
  68  6:28  Probe x2  
  70  6:38  Stalker x3  
  76  6:40  Probe x2  
  78  6:54  Probe x2  
  78  6:56  Nexus  
  78  6:58  Pylon  
  78  7:00  Pylon  
  80  7:02  Zealot  
  80  7:06  Probe (Chrono Boost)  
  80  7:07  Probe (Chrono Boost)  
  80  7:08  Twilight Council  
  84  7:12  Pylon  
  84  7:15  Colossus  
  84  7:19  Probe x2 (Chrono Boost)  
  84  7:20  Zealot x3  
  98  7:25  Probe (Chrono Boost)  
  99  7:30  Forge  
  99  7:32  Forge  
  99  7:34  Probe  
  99  7:35  Probe  
  101  7:38  Shield Battery  
  101  7:39  Shield Battery  
  101  7:44  Zealot  
  101  7:47  Probe x2  
  105  7:53  Charge (Chrono Boost)  
  105  7:54  Zealot x2  
  109  7:59  Probe  
  109  8:03  Pylon  
  110  8:08  Pylon  
  110  8:10  Observer  
  111  8:13  Probe x3  
  111  8:15  Zealot  
  111  8:17  Zealot  
  118  8:25  Assimilator  
  118  8:26  Assimilator  
  118  8:30  Zealot  
  118  8:31  Zealot  
  122  8:37  Pylon  
  122  8:38  Pylon  
  121  8:41  Templar Archives  
  121  8:47  Gateway  
  121  8:48  Gateway  
  108  8:50  Stalker x2  
  108  8:51  Stalker  
  113  9:08  Zealot  
  111  9:37  Probe x3  
  114  9:44  Psionic Storm  
  114  9:46  High Templar x5  
  114  9:49  Archon, Probe  
  114  9:50  Archon  
  114  9:52  Immortal  
  119  10:11  Zealot  
  75  10:23  Zealot x5  
  83  10:32  Gateway  
  83  10:34  Gateway  
  81  10:37  Gateway  
  81  10:41  Gateway, Zealot  
  77  10:43  Gateway  
  77  10:44  Zealot x5  
  85  10:57  Immortal  
  89  11:06  Gateway  
  89  11:08  Gateway  
  89  11:10  Probe x2  
  89  11:11  Probe  
  92  11:12  Gateway  
  92  11:15  Gateway  
  92  11:22  Probe x2  
  94  11:28  Probe  
  94  11:30  Zealot x2  
  94  11:31  High Templar x2  
  94  11:32  High Templar x3  
  109  11:33  High Templar  
  109  11:34  Probe  
  109  11:36  Archon, Immortal  
  109  11:37  Archon  
  116  11:42  Forge x2  
  116  11:48  Zealot x2  
  120  11:58  Zealot x2  
  120  11:59  Zealot  
  126  12:02  Probe x2  
  126  12:03  Probe  
  129  12:14  Probe  
  129  12:15  Nexus, Observer  
  131  12:18  Pylon  
  131  12:23  Pylon  
  131  12:28  Pylon  
  131  12:29  Probe x3  
  134  12:31  High Templar x2  
  134  12:36  Gateway, Pylon  
  138  12:41  Gateway  
  138  12:46  High Templar x5  
  138  12:47  High Templar  
  138  12:50  Archon, Protoss Ground Weapons Level 1 (Chrono Boost)  
  138  12:51  Archon  
  150  12:52  Archon  
  150  12:53  High Templar x2  
  154  13:01  Archon, Protoss Ground Armor Level 1 (Chrono Boost)  
  152  13:27  Zealot x3  
  152  13:28  Zealot x8  
  152  13:32  Stalker x2  
  175  13:35  Stalker  
  152  13:42  Stalker x2  
  151  13:54  Zealot x3  
  151  13:55  Zealot x2  
  153  13:57  Zealot  
  137  14:14  Zealot  
  137  14:15  Zealot x4  
  143  14:23  Stalker  
  143  14:24  Stalker  
  123  14:27  Probe x3  
  123  14:28  Probe  
  103  14:39  Probe  
  103  14:40  Zealot x3  
  103  14:42  Protoss Ground Weapons Level 2 (Chrono Boost)  
  103  14:43  High Templar x2  
  110  14:47  Archon  
  110  14:50  Protoss Ground Armor Level 2 (Chrono Boost)  
  110  14:57  Probe  
  110  14:58  Probe  
  110  14:59  Probe x2  
  114  15:06  Stalker x2  
  118  15:21  Assimilator  
  118  15:22  High Templar x2  
  118  15:23  High Templar x4  
  118  15:24  Zealot  
  118  15:25  Zealot  
  118  15:27  Archon x3  
  134  15:36  Probe x3  
  134  15:37  Probe  
  134  15:40  Assimilator  
  138  15:44  Assimilator  
  138  15:47  High Templar x2, Shield Battery  
  138  15:48  Zealot x2, Probe  
  138  15:49  Shield Battery  
  147  15:55  Archon  
  145  16:06  Disruptor (Chrono Boost)  
  148  16:13  Zealot x3  
  148  16:14  High Templar  
  148  16:17  Zealot x5  
  148  16:18  Zealot  
  168  16:29  Probe  
  168  16:30  Probe x2  
  171  16:34  High Templar x2  
  171  16:35  Disruptor (Chrono Boost)  
  171  16:38  Archon  
  178  16:49  Protoss Ground Weapons Level 3 (Chrono Boost)  
  178  16:52  Protoss Ground Armor Level 3 (Chrono Boost)  
  181  17:15  Nexus  
  175  17:18  Pylon  
  175  17:20  Zealot x2  
  175  17:21  Zealot, Pylon  
  173  17:23  Stalker x3  
  173  17:28  Pylon  
  167  17:31  Zealot x4  
  169  17:41  Disruptor  
  156  17:50  Pylon  
  148  17:52  Pylon  
  148  17:55  Pylon  
  148  17:57  Pylon  
  146  17:59  Zealot  
  146  18:00  Zealot x7  
  146  18:22  Nexus  
  146  18:23  Pylon  
  146  18:25  Pylon  
  146  18:32  Zealot  
  146  18:33  Zealot x6  
  126  19:25  Zealot x10  
  126  19:26  Zealot x4  
  126  19:51  High Templar x4  
  126  19:52  High Templar x6  
  146  19:53  High Templar x2, Zealot  
  146  19:54  Zealot  
  146  19:58  Archon x4  
  146  19:59  Archon  
  146  20:27  Assimilator  
  140  20:30  Assimilator  
  140  20:34  Photon Cannon  
  140  20:35  Zealot x5, Photon Cannon  
  150  20:37  High Templar  
  150  20:38  High Templar, Photon Cannon  
  154  20:43  Archon  
  154  21:09  Zealot x8  
  154  21:10  Zealot  
Show
View Real Time Build Order
Export as new Build Order

Amandus Terran 

Build Orders: Reaper Expand 

Get SALT Encoding   

  12  0:00  SCV  
  13  0:12  SCV  
  14  0:18  Supply Depot  
  14  0:24  SCV  
  15  0:40  SCV  
  15  0:41  Barracks  
  16  0:44  Refinery  
  16  0:52  SCV  
  17  1:04  SCV  
  18  1:16  SCV  
  19  1:28  Orbital Command  
  19  1:30  Reaper  
  20  1:46  Command Center  
  20  1:56  SCV  
  21  2:02  Marine  
  21  2:03  Supply Depot  
  21  2:08  SCV  
  23  2:17  Barracks  
  23  2:25  Barracks Reactor, SCV  
  24  2:33  Barracks  
  24  2:37  SCV  
  24  2:55  SCV  
  24  2:57  Refinery  
  25  2:58  Orbital Command  
  25  3:02  Bunker  
  25  3:04  Marine x2  
  27  3:08  SCV  
  27  3:10  Barracks Tech Lab  
  28  3:20  SCV  
  28  3:21  Barracks Tech Lab  
  28  3:22  Marine x2  
  28  3:26  SCV  
  32  3:28  Marine  
  32  3:32  SCV  
  32  3:33  Stimpack  
  34  3:39  SCV  
  34  3:40  Marine  
  36  3:43  Combat Shield  
  36  3:44  SCV  
  36  3:45  Marine  
  38  3:53  Marine x2  
  40  3:57  SCV x2  
  42  4:09  SCV x2  
  43  4:11  Marauder  
  43  4:12  Marine  
  46  4:19  Marine  
  46  4:20  Supply Depot, Marauder  
  46  4:21  Supply Depot  
  49  4:30  Marine  
  49  4:31  SCV x2  
  52  4:33  Marauder  
  54  4:41  Marine  
  54  4:43  Supply Depot, Marauder, SCV x2  
  59  4:47  Supply Depot  
  59  4:48  Marine  
  60  4:54  Marauder  
  60  4:56  Engineering Bay  
  60  4:57  SCV x2  
  64  5:02  Concussive Shells  
  64  5:03  Marine  
  64  5:04  Marauder  
  67  5:09  SCV  
  67  5:11  Marine  
  69  5:15  Supply Depot, Marauder  
  71  5:22  SCV x2  
  71  5:25  Factory, Marauder  
  71  5:28  Refinery  
  75  5:31  Refinery  
  67  5:58  Marauder x2, Marine x2  
  61  6:15  Marine  
  61  6:16  Marine  
  55  6:19  Marauder, Marine  
  55  6:23  Factory Reactor  
  58  6:25  Starport  
  58  6:26  Terran Infantry Weapons Level 1  
  58  6:31  Engineering Bay  
  58  6:33  Marine x2  
  58  6:36  Command Center  
  58  6:37  Marauder  
  62  6:41  Marauder  
  62  6:42  SCV  
  65  6:51  Marine x2  
  65  6:54  Supply Depot, Armory  
  67  6:55  Supply Depot  
  67  6:59  Marauder  
  67  7:00  SCV  
  67  7:01  Missile Turret, SCV  
  71  7:02  Marauder  
  71  7:06  Missile Turret  
  73  7:09  Marine x2  
  73  7:13  SCV  
  76  7:16  Medivac x2  
  76  7:20  Marauder  
  76  7:22  Barracks  
  82  7:24  Marauder  
  82  7:27  Barracks, Marine x2  
  86  7:32  Supply Depot  
  86  7:34  Supply Depot, Terran Infantry Armor Level 1  
  86  7:38  Factory Tech Lab  
  86  7:41  Marauder  
  88  7:44  Marine  
  88  7:46  Medivac x2  
  93  7:52  SCV x2  
  95  8:03  Marauder x2  
  95  8:04  SCV x2  
  101  8:06  Marine x2  
  101  8:10  Siege Tank  
  106  8:14  Orbital Command  
  106  8:17  SCV  
  106  8:18  SCV  
  108  8:24  Marauder x2, Marine x2  
  115  8:28  Barracks Reactor  
  115  8:29  Barracks Reactor, SCV  
  115  8:30  SCV  
  115  8:33  Medivac  
  118  8:42  Marine x2, SCV  
  118  8:45  Marauder  
  118  8:46  Marauder  
  117  9:08  Marauder x2, Marine x6  
  123  9:23  SCV  
  123  9:24  SCV x2  
  118  9:26  Marine x6  
  118  9:28  Viking x2  
  118  9:29  Marauder  
  118  9:30  Terran Infantry Weapons Level 2, Marauder  
  132  9:32  Terran Infantry Armor Level 2  
  132  9:36  Terran Vehicle And Ship Armor Level 1, SCV x3  
  135  9:39  Thor  
  141  9:49  Supply Depot, Marine  
  141  9:50  Supply Depot  
  141  9:51  Marauder x2  
  146  9:53  SCV  
  146  9:54  SCV x2  
  146  9:58  Viking x2  
  150  10:06  SCV x3  
  143  10:11  Supply Depot  
  143  10:13  Supply Depot  
  123  10:18  SCV x3  
  111  10:27  Marauder x2, Marine x6  
  99  10:44  Marine x2  
  99  10:45  Marine  
  99  10:48  Marauder  
  96  10:54  Marine  
  96  10:55  Marauder  
  96  10:56  Marine x2  
  98  11:01  Medivac x2  
  98  11:02  Marine x3  
  105  11:04  SCV x2  
  105  11:10  Marauder  
  109  11:11  Supply Depot  
  109  11:12  Supply Depot, Marine  
  109  11:14  Marine  
  109  11:15  SCV  
  109  11:16  Marauder, SCV x2  
  116  11:24  Supply Depot  
  116  11:25  Supply Depot  
  116  11:27  SCV  
  116  11:28  Sensor Tower, SCV x2  
  116  11:29  Marine x2  
  116  11:31  Viking x2, Marauder  
  127  11:35  Marine  
  127  11:36  Marine  
  127  11:37  Marauder  
  127  11:39  SCV  
  132  11:40  SCV x2  
  134  11:47  Terran Infantry Weapons Level 3  
  134  11:49  Terran Infantry Armor Level 3  
  136  12:08  Marauder, Marine x2  
  136  12:09  Marauder, Marine x4  
  136  12:10  Thor  
  136  12:12  Viking x2  
  154  12:16  SCV  
  154  12:17  SCV  
  154  12:19  SCV  
  157  12:26  Marine x2  
  161  12:30  Marauder  
  161  12:32  Command Center  
  161  12:33  SCV x3  
  164  12:41  Refinery x2, Marine x2, Marauder  
  164  12:42  Medivac  
  147  13:42  Marauder, Marine x2  
  147  13:43  Marauder, Marine x2  
  149  13:52  Marine x2  
  135  14:00  Marine x3  
  135  14:01  Marine  
  133  14:04  Marauder x2  
  133  14:10  Marine x2  
  125  14:18  Marine x4  
  122  14:25  Marauder x2  
  122  14:28  Marine x2  
  121  14:35  Barracks  
  121  14:36  Marine x4  
  121  14:37  Barracks  
  121  14:38  Barracks  
  123  14:42  Barracks  
  123  14:45  Hi-Sec Auto Tracking  
  123  14:46  Marine x2  
  123  14:47  Neosteel Armor, Marauder x2  
  123  14:49  Terran Vehicle And Ship Armor Level 2  
  125  14:53  Marine, Planetary Fortress  
  125  14:54  Marine x3  
  125  14:57  Medivac  
  125  14:59  Medivac  
  133  15:03  Marine  
  133  15:04  Marine  
  135  15:08  Marauder x2  
  135  15:11  Marine x2  
  135  15:12  Marine x2  
  141  15:21  Marine x2  
  143  15:29  Marauder  
  143  15:30  Marauder  
  147  15:48  Command Center, SCV x4  
  150  15:51  Marauder x2  
  150  15:52  Missile Turret  
  153  16:00  SCV  
  154  16:07  Barracks Tech Lab x2  
  154  16:08  Barracks Tech Lab  
  154  16:12  Marauder x2  
  154  16:14  Marine x3  
  154  16:15  Marine  
  154  16:17  Barracks Tech Lab  
  162  16:21  Medivac x2  
  166  16:29  Refinery  
  166  16:30  Refinery, Marine x2, Marauder x3  
  166  16:32  Marine x4  
  176  16:34  Marauder x2  
  176  16:39  Marauder  
  184  16:48  Marine x2  
  184  16:50  Ghost Academy, Marine x3  
  184  16:51  Medivac x2, Marauder  
  195  16:55  Marauder  
  144  17:36  Marauder x2  
  147  17:39  Marauder x4, Marine x5  
  151  17:45  Marine  
  146  17:57  Marauder x2, Marine x5  
  151  18:00  Marauder x2, Command Center, Marine  
  151  18:01  Marauder  
  151  18:03  Medivac x2, Marine  
  155  18:14  Marine  
  155  18:15  Marine x4  
  155  18:18  Marauder x2, Marine  
  142  18:21  Marine  
  142  18:22  Marauder x3  
  149  18:32  Marine x2  
  149  18:33  Medivac x2, Marine x3  
  158  18:36  Marine  
  158  18:39  Marine x2  
  158  18:40  Marauder  
  146  18:43  Marauder, Marine  
  149  18:51  Marauder, Marine x5  
  149  18:54  Marauder  
  158  18:56  Marine  
  158  18:57  Marine  
  158  19:00  Marine  
  158  19:01  Marine  
  141  19:03  Medivac  
  141  19:04  Marauder  
  141  19:09  Marine x2  
  139  19:13  Marauder  
  139  19:14  Marine  
  139  19:15  Marauder  
  139  19:16  Marauder  
  136  19:21  Marauder, Marine  
  116  19:25  Marauder  
  116  19:28  Marine  
  116  19:29  Marine  
  102  19:34  Marauder  
  102  19:35  Marine  
  95  19:38  Marine  
  95  19:39  Marine  
  95  19:42  SCV  
  90  19:46  Marine x2  
  90  19:50  Marine  
  70  20:03  Marauder x2, Marine x2  
  70  20:06  Marine  
  69  20:11  Marine  
  61  20:15  Planetary Fortress  
  61  20:24  Marine  
  51  20:33  SCV  
  34  20:44  Marine  
  34  20:45  Marine  
  36  21:02  Marauder, Marine x3  
  36  21:03  Marauder, Marine x2  
  45  21:07  Ghost  
  47  21:12  Orbital Command, Ghost  
Tags
 
Add a new tag
Caveats
  • Supply blocks, unpowered buildings, or Contaminate may cause inaccurate times.
  • Supply counts are checked every 10 seconds.